 Dungeon Crawl Stone Soup version 0.30.1-11-g7821555f0a (webtiles) character file.

Game seed: 4773226813155085960

69099 Dirol the Impaler (level 15, -1/124 HPs)
             Began as a Merfolk Berserker on Jan 9, 2024.
             Was a High Priest of Trog.
             Slain by a death yak (11 damage)
             ... on level 5 of the Lair of Beasts.
             The game lasted 00:58:50 (17030 turns).

Dirol the Impaler (Merfolk Berserker)              Turns: 17030, Time: 00:58:50

Health: -1/124     AC: 12    Str: 22    XL:     15   Next: 28%
Magic:  15/15      EV: 30    Int:  7    God:    Trog [*****.]
Gold:   1065       SH:  0    Dex: 18    Spells: 14/14 levels left

rFire   . . .        Y - +12 glaive of Accord {flame, Drain rElec SInv Stlth+}
rCold   + . .        (shield currently unavailable)
rNeg    + . .        H - +2 ring mail {rC+}
rPois   .            k - +1 helmet
rElec   +            (no cloak)
rCorr   .            n - +0 pair of gloves
SInv    +            (no boots)
Will    ++...        f - amulet of the Orange Skies {Faith Rampage *Slow Will+}
Stlth   ++           S - ring of Paiwuf {rN+ EV+5 Dex+2}
HPRegen 0.40/turn    v - +5 ring of evasion
MPRegen 0.14/turn

%: slow self (1%), rampage, faith
@: on berserk cooldown, slowed, very slow
A: (nimble swimmer 2), mertail
a: Renounce Religion, Berserk, Trog's Hand, Brothers in Arms


You were on level 5 of the Lair of Beasts.
You worshipped Trog.
Trog was extremely pleased with you.
You visited 3 branches of the dungeon, and saw 17 of its levels.

You collected 1065 gold pieces.

Inventory:

Hand Weapons
 a - a +0 spear
 j - a +1 spear of flaming
 J - the +6 trident "Tulyaga" {freeze, rPois rC+ Will+ Str-4}
   (You acquired it on level 11 of the Dungeon)

   Str:       It affects your strength (-4).
   rC:        It protects you from cold.
   rPois:     It protects you from poison.
   Will:      It increases your willpower.
 Y - the +12 glaive of Accord (weapon) {flame, Drain rElec SInv Stlth+}
   (Trog gifted it to you on level 5 of the Lair of Beasts)

   rElec:     It insulates you from electricity.
   SInv:      It lets you see invisible.
   Drain:     It drains your maximum health when unequipped.
   Stlth:     It makes you more stealthy.
Missiles
 I - 2 throwing nets
Armour
 b - a +0 animal skin
 e - a +0 ring mail
 k - a +1 helmet (worn)
 n - a +0 pair of gloves (worn)
 o - the +1 kite shield of Eternal Vigilance {rElec rPois Int-5}
   (You found it on level 2 of the Dungeon)

   Int:       It affects your intelligence (-5).
   rElec:     It insulates you from electricity.
   rPois:     It protects you from poison.
 H - a +2 ring mail of cold resistance (worn)
Jewellery
 f - the amulet of the Orange Skies (around neck) {Faith Rampage *Slow Will+}
   (You acquired it on level 3 of the Dungeon)

   [amulet of faith]

   It allows you to gain divine favour quickly.
   *Slow:     It may slow you when you take damage.
   Rampage:   It bestows one free step when moving towards enemies.
   Will:      It increases your willpower.
 g - a ring of ice
 l - a ring of magical power
 v - a +5 ring of evasion (right hand)
 w - a ring of fire
 x - a ring of see invisible
 C - a ring of resist corrosion
 G - a ring of protection from cold
 L - an amulet of magic regeneration
 P - a ring of magical power
 S - the ring of Paiwuf (left hand) {rN+ EV+5 Dex+2}
   (You found it on level 10 of the Dungeon)

   [ring of evasion]

   EV:        It affects your evasion (+5).
   Dex:       It affects your dexterity (+2).
   rN:        It protects you from negative energy.
 U - a +4 ring of protection
Wands
 d - a wand of acid (2)
 y - a wand of polymorph (8)
 E - a wand of charming (8)
 K - a wand of mindburst (5)
 N - a wand of flame (12)
 W - a wand of roots (5)
Scrolls
 q - 7 scrolls of blinking
 u - 3 scrolls of fog
 B - 3 scrolls of magic mapping
 M - a scroll of torment
 O - a scroll of butterflies
 Q - a scroll of immolation
 R - 2 scrolls of teleportation
 T - 4 scrolls of enchant armour
 V - a scroll of identify
Potions
 c - 3 potions of degeneration
 h - 2 potions of lignification
 i - 3 potions of brilliance
 m - a potion of magic
 p - 2 potions of haste
 r - a potion of cancellation
 s - 2 potions of flight
 t - a potion of invisibility
 z - 2 potions of mutation
 A - 3 potions of attraction
 D - a potion of curing
 F - 2 potions of resistance
 X - a potion of berserk rage


   Skills:
 + Level 13.2 Fighting
 + Level 15.5 Polearms
 + Level 9.3 Armour
 + Level 15.2 Dodging
 - Level 11.4 Shields


You had 14 spell levels left.
You didn't know any spells.
Your spell library was empty.

Dungeon Overview and Level Annotations

Branches:
Dungeon (11/15)            Temple (1/1) D:6            Lair (5/5) D:11
 Shoals (0/4) Lair:3       Spider (0/4) Lair:3          Orc (0/2) D:9
  Slime: Lair:4-5

Altars:
Ashenzari
Cheibriados
Dithmenos
Elyvilon
Fedhas
Gozag
Hepliaklqana
Kikubaaqudgha
Makhleb
Nemelex Xobeh
Okawaru
Qazlal
Ru
Sif Muna
Trog
Uskayaw
Vehumet
Wu Jian
Xom
Yredelemnul
Zin
The Shining One

Shops:
D:1 [!


Innate Abilities, Weirdness & Mutations

((You are very nimble when in or above water. (Stealth+, EV+, Speed+++)))
Your lower body shifts to a powerful aquatic tail in water.


Message History

* * * LOW HITPOINT WARNING * * *
You slice the lindwurm!! You burn the lindwurm.
You feel the power of Trog in you as your rage grows.
You kill the lindwurm!
Trog accepts your kill.
You barely miss the rime drake. The death yak completely misses you.
The rime drake completely misses you.
You closely miss the rime drake. You slice the rime drake!!
You burn the rime drake!
You kill the rime drake!
Trog accepts your kill. The elephant barely misses you.
The elephant trunk-slaps you but does no damage.
The death yak closely misses you.
You slice the elephant!! You burn the elephant!
The elephant is heavily wounded.
The death yak completely misses you. The elephant misses you. x2
You slice the death yak!! You burn the death yak.
The death yak is severely wounded.
You barely miss the death yak.
The death yak is severely wounded.
The death yak gores you!!
* * * LOW HITPOINT WARNING * * *
The elephant completely misses you. The elephant misses you.
You completely miss the death yak.
The death yak is severely wounded.
The death yak completely misses you. The elephant barely misses you.
The elephant trunk-slaps you but does no damage.
You completely miss the death yak.
The death yak is severely wounded.
You are no longer berserk.
You are exhausted.
You feel yourself slow down.
You feel better. The death yak closely misses you. The elephant misses you.
The elephant trunk-slaps you but does no damage.
You slash the death yak! You burn the death yak.
The death yak is almost dead.
The death yak completely misses you. The elephant completely misses you.
The elephant misses you. The death yak gores you!
You die...

##P...# .
#.....# .
#P††P.# .
#.....# .
##.÷..##
#P...##
###...##
###.....#
##Y@....##
#†Y†...##
♣.........###
..P######## .


You could see a death yak and an elephant.

Vanquished Creatures
  Gastronok (D:8)
  2 hydras (Lair:5)
  A two-headed ogre (D:11)
  2 catoblepae
  5 death yaks
  A deep troll shaman (Lair:5)
  Sonja (Lair:5)
  A lindwurm (Lair:5)
  The ghost of ripuliukko the Thaumaturge, a novice GrEE of Vehumet (D:8)
  A wolf spider (Lair:3)
  A cyclops (D:11)
  An ugly thing (D:10)
  9 elephants
  A merfolk siren (Lair:3)
  Joseph (D:8)
  2 black mambas
  An orange demon (D:8)
  A torpor snail (Lair:1)
  An unseen horror (D:11)
  Psyche (D:10)
  3 rime drakes
  6 cane toads
  4 komodo dragons
  2 trolls (D:9)
  A merfolk (Lair:3)
  Grinder (D:4)
  2 polar bears
  15 blink frogs
  5 dream sheep (Lair:5)
  A wraith (D:11)
  2 wyverns
  A shadow (D:10)
  49 yaks
  A basilisk (Lair:3)
  4 steam dragons
  An acid dragon (D:9)
  10 water moccasins
  Duvessa (D:6)
  5 orc warriors
  A sky beast (D:8)
  An ice beast (D:7)
  5 black bears
  18 wolves
  An ogre (D:7)
  4 centaurs
  14 bullfrogs
  11 wights
  Dowan (D:6)
  26 killer bees
  An electric eel (Lair:4)
  9 howler monkeys
  5 hounds
  6 jellies
  3 gnoll boudas
  2 orc priests
  5 iguanas
  A sleepcap (D:7)
  7 orc wizards
  7 hell rats (Lair:5)
  Robin (D:2)
  7 adders
  15 gnolls
  2 white imps
  2 worms
  2 dart slugs
  33 orcs
  4 ball pythons
  6 bats
  4 endoplasms
  10 giant cockroaches
  10 hobgoblins
  7 quokkas
  7 frilled lizards
  14 goblins
  5 kobolds
  7 rats
413 creatures vanquished.

Vanquished Creatures (collateral kills)
  2 hydras (Lair:5)
  Erica (D:10)
  8 death yaks
  Amaemon (D:8)
  4 elephants (Lair:4)
  A cane toad (Lair:3)
  A komodo dragon (Lair:5)
  10 yaks
  A steam dragon (D:9)
  2 wolves (Lair:3)
  2 wights (D:7)
  2 orcs (D:7)
35 creatures vanquished.

Vanquished Creatures (others)
  A wolf (Lair:1)
  An orc wizard (D:8)
2 creatures vanquished.

Grand Total: 450 creatures vanquished

Notes
Turn   | Place    | Note
-------+----------+-------------------------------------------
     0 | D:1      | Dirol the Merfolk Berserker began the quest for the Orb.
     0 | D:1      | Reached XP level 1. HP: 18/18 MP: 1/1
   190 | D:1      | Found Raihef Funy's Distillery.
   244 | D:1      | Reached XP level 2. HP: 24/24 MP: 2/2
   344 | D:1      | Reached XP level 3. HP: 29/29 MP: 3/3
   413 | D:1      | Found Mofra's Armour Shop.
   479 | D:1      | Reached ** piety under Trog
   925 | D:2      | Noticed Robin
   930 | D:2      | Reached XP level 4. HP: 37/37 MP: 4/4
   947 | D:2      | Killed Robin
  1052 | D:2      | Found a faded altar of an unknown god.
  1066 | D:2      | Identified the +1 kite shield of Eternal Vigilance {rElec
                  | rPois Int-5}
  1195 | D:2      | Found an ornate altar of the Wu Jian Council.
  1626 | D:3      | Found a radiant altar of Vehumet.
  1821 | D:3      | Reached skill level 5 in Polearms
  1825 | D:3      | Reached XP level 5. HP: 41/42 MP: 5/5
  2120 | D:3      | Found a broken altar of Ashenzari.
  2378 | D:3      | Found an ancient bone altar of Kikubaaqudgha.
  2393 | D:3      | Found a bloodstained altar of Trog.
  2412 | D:3      | Found a glowing silver altar of Zin.
  2524 | D:3      | Found a basalt altar of Yredelemnul.
  2533 | D:3      | Found a sacrificial altar of Ru.
  2634 | D:3      | Identified a scroll of acquirement
  2634 | D:3      | Acquired the amulet of the Orange Skies {Faith Rampage
                  | *Slow Will+}
  2722 | D:4      | Noticed Grinder
  2750 | D:4      | Killed Grinder
  2751 | D:4      | Reached skill level 1 in Shields
  2751 | D:4      | Reached XP level 6. HP: 32/49 MP: 6/6
  3184 | D:4      | Reached skill level 5 in Dodging
  3184 | D:4      | Reached XP level 7. HP: 53/55 MP: 7/7
  3495 | D:5      | Entered Level 5 of the Dungeon
  3527 | D:5      | Reached *** piety under Trog
  3528 | D:5      | Reached skill level 5 in Fighting
  4397 | D:6      | Reached XP level 8. HP: 37/63 MP: 8/8
  4737 | D:6      | Found a glowing drain.
  4809 | D:6      | Found a staircase to the Ecumenical Temple.
  4832 | Temple   | Entered the Ecumenical Temple
  4923 | D:6      | Noticed Dowan
  4924 | D:6      | Noticed Duvessa
  4943 | D:6      | Killed Duvessa
  4951 | D:6      | Killed Dowan
  5092 | D:6      | Reached **** piety under Trog
  5493 | D:7      | Reached XP level 9. HP: 71/71 MP: 9/9
  5938 | D:7      | Reached skill level 5 in Shields
  6450 | D:7      | Found a hazy altar of Hepliaklqana.
  6458 | D:7      | Identified the +3 war axe of the Asp {drain, rElec Will+
                  | Dex+6 SInv}
  6960 | D:8      | Noticed Joseph
  6988 | D:8      | Killed Joseph
  6989 | D:8      | Reached XP level 10. HP: 39/79 MP: 10/10
  7146 | D:8      | Found a shimmering altar of Xom.
  7168 | D:8      | Reached skill level 5 in Armour
  7632 | D:8      | Noticed Amaemon
  7632 | D:8      | Noticed an orange demon
  7642 | D:8      | Killed an orange demon
  7665 | D:8      | HP: 3/80 [something (9)]
  7666 | D:8      | Killed Amaemon
  8036 | D:8      | Noticed Gastronok
  8066 | D:8      | Killed Gastronok
  8067 | D:8      | Reached skill level 10 in Polearms
  8414 | D:8      | Found a large runed translucent door.
  8415 | D:8      | Found a large runed translucent door.
  8415 | D:8      | Noticed ripuliukko's ghost (novice GrEE)
  8566 | D:8      | Killed ripuliukko's ghost
  8567 | D:8      | Reached skill level 10 in Dodging
  8567 | D:8      | Reached XP level 11. HP: 87/87 MP: 11/11
  8738 | D:9      | Found a staircase to the Orcish Mines.
  8747 | D:9      | Found an ornate altar of the Wu Jian Council.
  8933 | D:9      | Found a sparkling altar of Nemelex Xobeh.
  9399 | D:9      | Found a blossoming altar of Fedhas.
  9649 | D:9      | Found an iron altar of Okawaru.
  9770 | D:9      | Found a burning altar of Makhleb.
  9933 | D:10     | Entered Level 10 of the Dungeon
 10082 | D:10     | Identified the +7 short sword of Gluttony {protect, Dex+5}
 10276 | D:10     | Found a shadowy altar of Dithmenos.
 10354 | D:10     | Found a stormy altar of Qazlal.
 10369 | D:10     | Noticed Erica
 10399 | D:10     | Killed Erica
 10666 | D:10     | Noticed Psyche
 10691 | D:10     | Killed Psyche
 10718 | D:10     | Noticed a cyan ugly thing
 10729 | D:10     | Killed a cyan ugly thing
 11257 | D:10     | Identified the ring of Paiwuf {rN+ EV+5 Dex+2}
 11724 | D:11     | Noticed a cyclops
 11730 | D:11     | Killed a cyclops
 11807 | D:11     | Noticed a two-headed ogre
 11834 | D:11     | Killed a two-headed ogre
 11853 | D:11     | Reached skill level 10 in Fighting
 11875 | D:11     | Reached XP level 12. HP: 92/97 MP: 12/12
 12412 | D:11     | Found a staircase to the Lair.
 12414 | D:11     | Acquired the +6 trident "Tulyaga" {freeze, rPois rC+ Will+
                  | Str-4}
 12421 | Lair:1   | Entered Level 1 of the Lair of Beasts
 12546 | Lair:1   | Reached ***** piety under Trog
 12550 | Lair:1   | HP: 4/148 [yak (12)]
 13339 | Lair:2   | Identified the +7 rapier "Hebob" {flame, Str+6}
 13496 | Lair:2   | Identified the +1 short sword of the Shining Light {drain,
                  | rElec rC+}
 14051 | Lair:3   | Noticed a death yak
 14051 | Lair:3   | Noticed a death yak
 14053 | Lair:3   | Noticed a death yak
 14057 | Lair:3   | Noticed a death yak
 14057 | Lair:3   | Noticed a death yak
 14057 | Lair:3   | Killed a death yak
 14060 | Lair:3   | Killed a death yak
 14061 | Lair:3   | Reached XP level 13. HP: 106/106 MP: 13/13
 14170 | Lair:3   | HP: 7/159 [catoblepas (10)]
 14647 | Lair:3   | Found a staircase to the Shoals.
 14954 | Lair:3   | Reached skill level 10 in Shields
 14989 | Lair:3   | Found a hole to the Spider Nest.
 15206 | Lair:3   | Reached XP level 14. HP: 115/115 MP: 14/14
 16288 | Lair:5   | Entered Level 5 of the Lair of Beasts
 16303 | Lair:5   | Reached skill level 15 in Polearms
 16524 | Lair:5   | Reached XP level 15. HP: 105/122 MP: 15/15
 16540 | Lair:5   | Noticed Sonja
 16547 | Lair:5   | Killed Sonja
 16867 | Lair:5   | Reached skill level 15 in Dodging
 16876 | Lair:5   | Identified the +12 glaive of Accord {flame, Drain rElec
                  | SInv Stlth+} (Trog gifted it to you on level 5 of the Lair
                  | of Beasts)
 16876 | Lair:5   | Received a gift from Trog
 17025 | Lair:5   | HP: 2/186 [death yak (20)]
 17030 | Lair:5   | Slain by a death yak

Illustrated notes

Levels and vault maps discovered:
D:1:      dpeg_cavernosity, layout_rooms, serial_shops, shop,
          nicolae_shop_tiny_waterfront, minmay_misc_feat_tiny
D:2:      layout_loops_ring, shapermc_ecumenical_altar_gd, basic_altar,
          minmay_misc_feat_cross, uniq_robin
D:3:      layout_basic, kiku_gazebo_garden_becter, lemuel_doored_altar,
          lemuel_crystal_altar, nicolae_overflow_crystal_walls,
          ashenzari_altar_1, mainiacjoe_overflow_swirl
D:4:      layout_basic, uniq_grinder
D:5:      layout_loops_ring
D:6:      layout_loops_ring, minmay_temple_entry_slanted, gup_sewer_entry_pipe,
          chequers_serial_rivers_micro_c, uniq_duvessa
D:7:      layout_loops_ring, nicolae_hepliaklqana_hazy_memory
D:8:      layout_loops_ring, mainiacjoe_overflow_cross_hatched,
          ebering_ghost_disaster_area, uniq_joseph, uniq_amaemon, uniq_gastronok
D:9:      layout_loops_corners, old_standard_altar,
          mainiacjoe_overflow_six_doors_small,
          nemelex_xobeh_ov_fountains_minmay, kennysheep_okawaru_gauntlet,
          kennysheep_mini_moat, orc_0_dummy
D:10:     layout_layer_cave, grunt_dithmenos_shadows,
          nicolae_qazlal_eye_of_the_storm, uniq_erica, uniq_psyche
D:11:     layout_loops_ring, lair_entry_dummy, kennysheep_generic_room_11
Temple:   hellmonk_temple_two_chambers
Lair:1:   layout_layer_cave, minivault_19
Lair:2:   layout_roguey
Lair:3:   layout_loops_ring, elwin_shoals_entry_rooms, spider_nest_entry_rubble,
          grunt_megastairs_4
Lair:4:   layout_gridlike
Lair:5:   grunt_lair_end_beastmaster, layout_hall_layers, slime_entry_1,
          serial_bayou_pond_a, uniq_sonja

Skill      XL: |  1  2  3  4  5  6  7  8  9 10 11 12 13 14 15 |
---------------+----------------------------------------------+-----
Dodging        | 3 4 5 7 8 10 11 12 13 14 15 | 15.2
Armour         | 2 3 4 5 6 7 8 9 |  9.3
Fighting       | 4 5 6 7 8 10 11 12 13 | 13.2
Polearms       | 5 6 7 9 10 11 13 14 15 | 15.5
Shields        | 1 2 3 4 5 7 8 9 10 11 | 11.4

Action                     |  1- 3 |  4- 6 |  7- 9 | 10-12 | 13-15 || total
---------------------------+-------+-------+-------+-------+-------++-------
  Melee: Spear             |   142 |   124 |   566 |   672 |       ||  1504
         Punch             |     1 |       |       |       |       ||     1
         Tailslap          |       |       |     2 |       |       ||     2
         Unarmed           |       |       |       |    22 |       ||    22
         Trident           |       |       |       |   225 |   470 ||   695
         Glaive            |       |       |       |       |    54 ||    54
 Invoke: Berserk           |     1 |     2 |     1 |    11 |     2 ||    17
         Trog's Hand       |       |     2 |     2 |     4 |       ||     8
         Brothers in Arms  |       |       |     1 |     7 |     3 ||    11
  Evoke: Wand              |       |       |     1 |     9 |       ||    10
    Use: Scroll            |     3 |    11 |     8 |     8 |     1 ||    31
         Potion            |       |     2 |     2 |     8 |     5 ||    17
   Stab: Sleeping          |       |       |       |       |     1 ||     1
         Distracted        |       |       |       |       |     1 ||     1
         Petrified         |       |       |       |       |     4 ||     4
 Armour: Ring mail         |    37 |    23 |    70 |   155 |    64 ||   349
         Skin              |       |       |       |     6 |       ||     6
  Dodge: Dodged            |    63 |    49 |   243 |   837 |   342 ||  1534
  Block: Kite shield       |       |    41 |   232 |   581 |   275 ||  1129
